 Dungeon Crawl Stone Soup version 0.30.0-15-g856e2d3f33 (webtiles) character file.

Game seed: 1741404891709036821

7 Kenran the Slasher (level 2, -4/23 HPs)
             Began as a Barachi Gladiator on May 18, 2023.
             Succumbed to a goblin's poison
             ... on level 1 of the Dungeon.
             The game lasted 00:00:33 (249 turns).

Kenran the Slasher (Barachi Gladiator)               Turns: 249, Time: 00:00:34

Health: -4/23      AC:  4    Str: 15    XL:     2   Next: 4%
Magic:  2/2        EV: 12    Int:  8    God:
Gold:   14         SH:  0    Dex: 13    Spells: 1/1 levels left

rFire   . . .        a - +0 long sword
rCold   . . .        (no shield)
rNeg    . . .        b - +0 leather armour
rPois   .            c - +0 helmet
rElec   .            (no cloak)
rCorr   .            (no gloves)
SInv    .            (no boots)
Will    .....        (no amulet)
Stlth   +            (no ring)
HPRegen 0.23/turn    (no ring)
MPRegen 0.08/turn

%: no passive effects
@: lethally poisoned (-4 -> -29), slow
A: amphibious, slowness 1, strong legs 1, +LOS
a: Hop


You were on level 1 of the Dungeon.
You visited 1 branch of the dungeon, and saw 1 of its levels.

You collected 14 gold pieces.

Inventory:

Hand Weapons
 a - a +0 long sword (weapon)
Missiles
 d - 3 throwing nets (quivered)
 e - a javelin
Armour
 b - a +0 leather armour (worn)
 c - a +0 helmet (worn)
Potions
 f - 2 potions of attraction {unknown}


   Skills:
 - Level 2.4 Fighting
 + Level 4.3 Long Blades
 - Level 2.0 Throwing
 - Level 3.2 Dodging


You had one spell level left.
You didn't know any spells.
Your spell library contained the following spells:

 Spells                   Type           Power      Damage    Failure   Level
 Gell's Gravitas          Tloc           0%         N/A       85%         3
 Teleport Other           Tloc           0%         N/A       85%         3
 Dispersal                Tloc           0%         N/A       100%        6


Dungeon Overview and Level Annotations

Branches:
Dungeon (1/15)

Altars:


Innate Abilities, Weirdness & Mutations

You are amphibious.
You cover ground slowly.
You can hop short distances.
You have an extended range of vision and can be seen from far away.


Message History

The rat bites you but does no damage. x2
You hit the rat but do no damage.
The rat is moderately wounded.
A frilled lizard comes into view.
The rat barely misses you.
You hit the rat.
You kill the rat!
The ball python bites you but does no damage.
The ball python grabs you. The ball python constricts you.
You have reached level 2!
You barely miss the ball python. The ball python closely misses you.
The ball python constricts you.
You hit the ball python.
You kill the ball python!
You closely miss the goblin. The goblin barely misses you.
The goblin hits you but does no damage.
You are poisoned.
You miss the goblin.
You feel very sick. The goblin hits you but does no damage.
You are more poisoned.
You hit the goblin but do no damage.
You feel very sick. The goblin barely misses you.
You closely miss the goblin.
You feel sick.
The goblin hits you with a +2 dagger of venom.
You are lethally poisoned!
You closely miss the goblin.
You feel very sick.
The goblin hits you with a +2 dagger of venom.
You are more poisoned.
You closely miss the goblin.
* * * LOW HITPOINT WARNING * * *
You feel very sick. The goblin misses you.
The goblin hits you with a +2 dagger of venom.
* * * LOW HITPOINT WARNING * * *
You are more poisoned.
You closely miss the goblin.
You die...

##### ##### ###############
#..... ...# #...........†..
####...##.####.#####..######
.........lg@..........#### #
##.#...#####........#....# #
##. #.........###.#.# # #
#.#.##.....#.##.# #
#.#.##.#.....##.# #
#.#.##.#.#.#.##.# #
#.###....#.#.#.#.##.# #
#.....#.....#.#.##.###
#.###....#...#.........


You could see a goblin and a frilled lizard.

Vanquished Creatures
  A bat (D:1)
  A giant cockroach (D:1)
  A hobgoblin (D:1)
  3 ball pythons (D:1)
  A rat (D:1)
7 creatures vanquished.

Notes
Turn   | Place    | Note
-------+----------+-------------------------------------------
     0 | D:1      | Kenran the Barachi Gladiator began the quest for the Orb.
     0 | D:1      | Reached XP level 1. HP: 17/17 MP: 1/1
   155 | D:1      | Reached skill level 4 in Long Blades
   241 | D:1      | Reached XP level 2. HP: 21/23 MP: 2/2
   249 | D:1      | Succumbed to a goblin's poison

Illustrated notes

Levels and vault maps discovered:
D:1:      dpeg_cavernosity, layout_loops_ring, minmay_misc_feat_ornament

Skill      XL: |  1 |
---------------+----+-----
Long Blades    | 4 |  4.3
Fighting       | |  2.4
Throwing       | |  2.0
Dodging        | |  3.2

Action                     || total
---------------------------++-------
  Melee: Long sword        ||    29
 Armour: Leather armour    ||    11
  Dodge: Dodged            ||    17
